AoeStats
← Tyler8274

Arabia

510021268Analyzed
1v1 RM · 4d ago on Sep 29, 2026· 89m 57s· 2 players
Game mode
Random Map
Map size
Tiny (2 player)
Population
200
Speed
Normal
Resources
Standard
Victory
Conquest
Starting age
Dark Age
Ending age
Imperial Age
RankedLock teamsTeams togetherTeam positionsShared explorationLock speedFull tech treeHidden civsTurbo modeCheats
Victory
Defeat
🇨🇴 Franks · Colombia
867
+16
🇺🇸 Goths · United States
867
-40
Neop
7:07 Loom
10:04 Feudal Age
23:57 Castle Age
22:42 Fletching
23:03 Forging
23:46 Double-Bit Axe
24:15 Crossbowman
26:39 Husbandry
27:48 Bodkin Arrow
29:15 Gold Mining
29:16 Stone Mining
35:46 Imperial Age
35:55 Iron Casting
38:09 Cavalier
40:43 Wheelbarrow
40:39 Scale Barding Armor
42:51 Chemistry
42:11 Ballistics
44:40 Heavy Scorpion
52:47 Hand Cart
Tyler8274
3:27 Loom
10:18 Feudal Age
11:59 Horse Collar
14:26 Man-at-Arms
18:05 Forging
17:55 Scale Mail Armor
20:25 Gold Mining
24:02 Castle Age
23:16 Wheelbarrow
22:55 Double-Bit Axe
25:08 Bow Saw
24:58 Heavy Plow
26:04 Stone Mining
27:58 Iron Casting
27:38 Chain Mail Armor
28:43 Hand Cart
30:33 Stone Shaft Mining
30:19 Pikeman
31:00 Squires
32:54 Long Swordsman
33:49 Anarchy
36:51 Imperial Age
39:23 Blast Furnace
38:38 Chain Mail Armor
38:37 Halberdier
41:02 Town Watch
51:32 Fletching
51:42 Padded Archer Armor
53:11 Elite Skirmisher
87:15 Guilds
Connection lost

Rejoining the realm…

Still unreachable

The connection could not be restored.

Session expired

The server has moved on; the page needs a fresh start.